 Dungeon Crawl Stone Soup version 0.23.2-1-ga50397a (webtiles) character file.

Game seed: 118213882402781294

135 kae the Changer (level 4, -6/32 HPs)
             Began as a Demonspawn Transmuter on Apr 18, 2019.
             Killed by divine providence
             ... invoked by an orc priest
              (14 damage)
             ... on level 3 of the Dungeon.
             The game lasted 00:03:49 (3276 turns).

kae the Changer (Demonspawn Transmuter)             Turns: 3276, Time: 00:03:50

Health: -6/32      AC:  2    Str: 10    XL:     4   Next: 96%
Magic:  1/7        EV: 19    Int: 15    God:
Gold:   74         SH:  0    Dex: 19    Spells: 1/7 levels left

rFire    . . .     SeeInvis .     - Unarmed
rCold    . . .     Gourm    .   (shield currently unavailable)
rNeg     . . .     Faith    .   (armour currently unavailable)
rPois    x         Spirit   .   (helmet currently unavailable)
rElec    .         Reflect  .   (cloak currently unavailable)
rCorr    .         Harm     .   (gloves currently unavailable)
MR       .....                  (boots currently unavailable)
Stlth    ++........             (no amulet)
HPRegen  0.10/turn              (no ring)
MPRegen  0.10/turn              (no ring)

@: spider-form (expiring), hasted, very quick
A: tiny
a: End Transformation


You were on level 3 of the Dungeon.
You were hungry.
You were a venomous arachnid creature.
You visited 1 branch of the dungeon, and saw 3 of its levels.

You collected 74 gold pieces.

Inventory:

Hand Weapons
 c - a cursed +0 dagger (melded)
 h - a +0 hunting sling
Missiles
 a - 55 arrows
 i - 42 stones (quivered)
Armour
 b - a +1 robe (melded)
Wands
 m - a wand of digging (4)
Scrolls
 e - a scroll of blinking {unknown}
 f - a scroll of magic mapping {unknown}
 g - a scroll of enchant armour
 l - a scroll of amnesia
 o - a scroll of noise {unknown}
 q - a scroll of fear {unknown}
Potions
 j - 2 potions of curing
 n - a potion of flight {unknown}
 r - a potion of might
 s - 2 potions of brilliance {unknown}
 t - a potion of degeneration {unknown}
Comestibles
 d - 8 rations
 p - a chunk of flesh


   Skills:
 - Level 1.0 Fighting
 - Level 1.7 Dodging
 - Level 2.6 Unarmed Combat
 - Level 2.0 Spellcasting
 + Level 4.7 Transmutations


You had one spell level left.
You knew the following spells:

 Your Spells              Type           Power        Failure   Level  Hunger
a - Beastly Appendage     Tmut           ###...       11%         1    #......
b - Sticks to Snakes      Tmut           ###.....     14%         2    ###....
c - Spider Form           Tmut/Pois      #.........   47%         3    ###....

Your spell library contained the following spells:

 Spells                   Type           Power        Failure   Level  Hunger
 Ice Form                 Ice/Tmut       #.......     82%         4    #####..
 Blade Hands              Tmut           ###.......   83%         5    ######.


Dungeon Overview and Level Annotations

Branches:
Dungeon (3/15)

Altars:
Gozag
Trog

Annotations:
D:2 exclusion: 2 gnolls


Innate Abilities, Weirdness & Mutations

((You have a pair of small horns on your head.))
((When seriously injured, your bleeding wounds create armour. (AC +0)))


Message History

You bite the orc!
You kill the orc!
The orc wizard misses you.
You barely miss the orc priest.
The orc wizard hits you but does no damage.
The orc priest completely misses you.
You barely miss the orc priest.
Your transformation is almost over.
The orc wizard hits you but does no damage.
The orc priest looks satisfied for a moment.
You feel yourself speed up. The orc wizard closely misses you.
The orc priest mumbles some strange prayers to Beogh against you.
Beogh smites you!
You hit the orc priest.
The orc priest is poisoned.
The orc priest is moderately wounded.
The orc wizard hits you with a +0 dagger.
* * * LOW HITPOINT WARNING * * *
The orc priest invokes the aid of Beogh against you.
Beogh smites you!
You die...

.<......(#### .. >
.##.......... ###. ..
.##.......... #.. ...
.##.......... #.# ....
.##.......... ###.# .....
###..........##(..#.o.... #
#..............(....... #
#............o####.....
###..###.###...os## ...
...)).............# #
.##......#..#####.### #
....#.##.#.#### #...########..
......#.......# #...........#.
....###.......# ##.....†......
..............#####..........#
.##....#....................##
#.............#####.........#


You could see an orc priest and an orc wizard.

Vanquished Creatures
  4 gnolls (D:2)
  3 adders (D:2)
  2 dart slugs
  2 leopard geckos (D:1)
  2 orcs (D:3)
  A ball python (D:2)
  2 giant cockroaches (D:2)
  3 goblins
  2 hobgoblins
  2 jackals (D:1)
  5 kobolds
  9 bats
  3 frilled lizards
  10 rats
50 creatures vanquished.

Vanquished Creatures (collateral kills)
  An adder (D:2)
  A worm (D:2)
  A dart slug (D:1)
  A goblin (D:1)
  A hobgoblin (D:1)
  2 jackals (D:1)
  A bat (D:3)
8 creatures vanquished.

Grand Total: 58 creatures vanquished

Notes
Turn   | Place    | Note
-------+----------+-------------------------------------------
     0 | D:1      | kae the Demonspawn Transmuter began the quest for the Orb.
     0 | D:1      | Reached XP level 1. HP: 15/15 MP: 3/3
   234 | D:1      | Reached skill level 2 in Transmutations
   309 | D:1      | Gained mutation: You have a pair of small horns on your
                  | head. [demonic ancestry]
   309 | D:1      | Reached XP level 2. HP: 13/21 MP: 5/5
   434 | D:1      | Learned a level 2 spell: Sticks to Snakes
   618 | D:1      | Reached skill level 3 in Transmutations
  1172 | D:2      | Reached XP level 3. HP: 17/26 MP: 4/6
  1875 | D:2      | Learned a level 3 spell: Spider Form
  2226 | D:2      | Gained mutation: When seriously injured, your bleeding
                  | wounds create armour. (AC +0) [demonic ancestry]
  2226 | D:2      | Reached XP level 4. HP: 30/32 MP: 7/7
  2233 | D:2      | Reached skill level 4 in Transmutations
  2243 | D:2      | Found a bloodstained altar of Trog.
  2394 | D:2      | Found an opulent altar of Gozag.
  3276 | D:3      | Killed from afar by an orc priest

Skill      XL: |  1  2  3  4 |
---------------+-------------+-----
Transmutations | 2 3 4 |  4.7
Fighting       | |  1.0
Dodging        | |  1.7
Unarmed Combat | |  2.6
Spellcasting   | |  2.0

Action                   |  1- 3 |  4- 6 || total
-------------------------+-------+-------++-------
Melee: Unarmed           |    70 |    27 ||    97
       Kick              |     9 |     2 ||    11
       Dagger            |    61 |    58 ||   119
       Headbutt          |    14 |    11 ||    25
       Punch             |     1 |       ||     1
 Cast: Beastly Appendage |    12 |     2 ||    14
       Sticks to Snakes  |     2 |     3 ||     5
       Spider Form       |       |     4 ||     4
  Use: Potion            |     2 |     1 ||     3
       Scroll            |     6 |       ||     6
 Stab: Sleeping          |     4 |       ||     4
  Eat: Chunk             |     5 |     3 ||     8
Armor: Robe              |    37 |    17 ||    54
       Skin              |       |     1 ||     1
Dodge: Dodged            |    96 |    85 ||   181
